 Dungeon Crawl Stone Soup version 0.23.0-3-gf3c87f2 (webtiles) character file.

Game seed: 13551409515185813695

108 lapinsky the Chopper (level 4, 0/40 HPs)
             Began as a Hill Orc Fighter on Feb 20, 2019.
             Killed by divine providence
             ... invoked by an orc priest
              (12 damage)
             ... on level 4 of the Dungeon.
             The game lasted 00:10:46 (2204 turns).

lapinsky the Chopper (Hill Orc Fighter)             Turns: 2204, Time: 00:10:47

Health: 0/40       AC:  9    Str: 19    XL:     4   Next: 87%
Magic:  4/4        EV:  5    Int:  8    God:
Gold:   143        SH:  9    Dex: 10    Spells: 3/3 levels left

rFire    . . .     SeeInvis .   a - +0 war axe
rCold    . . .     Gourm    .   c - +0 shield
rNeg     . . .     Faith    .   s - +0 chain mail
rPois    .         Spirit   .   (no helmet)
rElec    .         Reflect  .   (no cloak)
rCorr    .         Harm     .   (no gloves)
MR       .....                  (no boots)
Stlth    ..........             p - amulet of regeneration
HPRegen  0.53/turn              l - ring of flight
MPRegen  0.09/turn              (no ring)

@: no status effects
A: no striking features
a: Convert to Beogh, Evoke Flight


You were on level 4 of the Dungeon.
You were not hungry.

You visited 1 branch of the dungeon, and saw 4 of its levels.

You collected 143 gold pieces.

Inventory:

Hand Weapons
 a - a +0 war axe (weapon)
 k - a cursed -1 hunting sling
Armour
 b - a +0 scale mail
 c - a +0 shield (worn)
 s - a +0 chain mail (worn)
Jewellery
 l - a ring of flight (left hand)
 n - a +3 ring of intelligence {unknown}
 p - an amulet of regeneration (around neck)
 q - an uncursed amulet of guardian spirit
Scrolls
 e - 2 scrolls of teleportation {unknown}
 i - a scroll of amnesia {unknown}
 m - a scroll of remove curse {unknown}
 r - a scroll of blinking {unknown}
 t - a scroll of enchant weapon {unknown}
 u - a scroll of identify
 w - a scroll of enchant armour {unknown}
Potions
 d - a potion of might
 g - a potion of ambrosia {unknown}
 h - 3 potions of lignification {unknown}
 j - a potion of resistance {unknown}
 o - a potion of flight {unknown}
 v - a potion of heal wounds {unknown}
 x - a potion of agility {unknown}
Comestibles
 f - 2 rations


   Skills:
 + Level 4.2 Fighting
 + Level 4.3 Axes
 + Level 3.9 Armour
 + Level 0.3 Dodging
 + Level 4.1 Shields


You had 3 spell levels left.
You didn't know any spells.
Your spell library was empty.

Dungeon Overview and Level Annotations

Branches:
Dungeon (4/15)
 Temple: D:4-7

Altars:
Hepliaklqana
Ru

Annotations:
D:4 Dowan


Message History

Dowan is lightly wounded.
Your shield and chain mail prevent you from hitting the orc priest.
The orc priest hits you but does no damage.
The orc priest looks braver for a moment.
Dowan says, "Stay away from my face!"
Dowan gestures at you while chanting. You resist with some effort.
The orc priest calls upon Beogh to heal the orc priest.
The orc priest is healed somewhat.
You block the orc priest's attack. Dowan casts a spell at you.
The puff of frost hits you.
The orc priest threatens, "By the altar or by the axe, you will meet Beogh!"
The orc priest invokes the aid of Beogh against you.
Beogh smites you!
* * * LOW HITPOINT WARNING * * *
The orc wizard mumbles some strange words.
The orc wizard seems to speed up.
The orc priest calls down the wrath of Beogh upon you.
Beogh smites you!
You die...

.## ##... ##.#. .
####..o## #.
+.....o.# .. #.o.#
.# ##.e# .# ##.#
.# #@# .####+##
#.# .......# #.#
..###..# #.#
..###..# #.#
..##...## #.#
........########.#
..#....###.......#
..#.#..###.#######


You could see Dowan, 2 orc priests and an orc wizard.

Vanquished Creatures
  A worker ant (D:2)
  An adder (D:2)
  A worm (D:2)
  3 dart slugs (D:1)
  A leopard gecko (D:1)
  2 orcs
  2 giant cockroaches (D:3)
  13 goblins
  11 hobgoblins
  3 jackals
  4 kobolds (D:2)
  6 bats
  4 frilled lizards
  6 rats
58 creatures vanquished.

Notes
Turn   | Place    | Note
-------+----------+-------------------------------------------
     0 | D:1      | lapinsky the Hill Orc Fighter began the quest for the Orb.
     0 | D:1      | Reached XP level 1. HP: 19/19 MP: 1/1
    44 | D:1      | Reached XP level 2. HP: 18/27 MP: 2/2
   372 | D:1      | Reached XP level 3. HP: 26/33 MP: 3/3
   855 | D:2      | Reached XP level 4. HP: 17/40 MP: 4/4
  1430 | D:2      | Found a hazy altar of Hepliaklqana.
  1924 | D:3      | Found a sacrificial altar of Ru.
  2194 | D:4      | Noticed Dowan
  2204 | D:4      | Killed from afar by an orc priest

Skill      XL: |  1  2  3  4 |
---------------+-------------+-----
Axes           | 3 4 |  4.3
Fighting       | 4 |  4.2
Shields        | 4 |  4.1
Armour         | |  3.9
Dodging        | |  0.3

Action                   |  1- 3 |  4- 6 || total
-------------------------+-------+-------++-------
Melee: War axe           |   104 |    80 ||   184
  Use: Potion            |     2 |       ||     2
       Scroll            |       |     3 ||     3
  Eat: Ration            |       |     2 ||     2
Armor: Scale mail        |    69 |    24 ||    93
       Chain mail        |       |    15 ||    15
Dodge: Dodged            |    46 |    25 ||    71
Block: Shield            |    72 |    51 ||   123
